 Dungeon Crawl Stone Soup version 0.19-a0-49-gb8736b8 (webtiles) character file.

48 M4edhros the Chopper (level 3, -2/46 HPs)
             Began as a Minotaur Berserker on May 6, 2016.
             Was a Follower of Trog.
             Killed by nerve-wracking pain
             ... invoked by M4edhros's ghost
              (14 damage)
             ... on level 4 of the Dungeon.
             The game lasted 00:03:35 (377 turns).

M4edhros the Chopper (Minotaur Berserker)            Turns: 377, Time: 00:03:36

Health: -2/46      AC:  2    Str: 26    XL:     3   Next: 50%
Magic:  2/2        EV: 12    Int:  4    God:    Trog [*.....]
Gold:   47         SH:  0    Dex: 10    Spells: 0 memorised, 2 levels left

rFire  . . .     SeeInvis .     a - +0 hand axe
rCold  . . .     Gourm    .     b - +0 animal skin
rNeg   . . .     Faith    .     (no shield)
rPois  .         Spirit   .     (helmet restricted)
rElec  .         Dismiss  .     (no cloak)
rCorr  .         Reflect  .     (no gloves)
SustAt .         Harm     .     (no boots)
MR     .....                    (no amulet)
Stlth  ..........               (no ring)
                                (no ring)

@: berserking, very quick, not resistant to hostile enchantments, extremely
unstealthy
A: retaliatory headbutt, horns 2
a: Berserk, Burn Spellbooks, Renounce Religion


You were on level 4 of the Dungeon.
You worshipped Trog.
Trog was aware of your devotion.
You were hungry.

You visited 1 branch of the dungeon, and saw 4 of its levels.

You collected 47 gold pieces.

Inventory:

Hand Weapons
 a - a +0 hand axe (weapon)
Armour
 b - a +0 animal skin (worn)
Jewellery
 g - an uncursed ring of ice
Scrolls
 e - a scroll of enchant armour {unknown}
 f - a scroll of remove curse {unknown}
 l - a scroll of enchant weapon {unknown}
Potions
 j - 2 potions of curing {unknown}
 k - a potion of brilliance {unknown}
 m - a potion of might {unknown}
Books
 i - a Grand Grimoire

   Spells                             Type                      Level
   a - Monstrous Menagerie            Summoning                    7
   b - Summon Greater Demon           Summoning                    7
   c - Malign Gateway                 Summoning/Translocation      7
   d - Summon Horrible Things         Summoning                    8
   Trog disapproves of the use of such an item.
Comestibles
 c - 3 bread rations
 d - a royal jelly


   Skills:
 - Level 3.6 Fighting
 + Level 5.5 Axes
 - Level 2.4 Armour
 - Level 2.1 Dodging


You had 2 spell levels left.
You didn't know any spells.

Dungeon Overview and Level Annotations

Branches:
Dungeon (4/15)
 Temple: D:4-7

Altars:

Annotations:
D:4 M4edhros's ghost, amateur OpNe


Innate Abilities, Weirdness & Mutations

You reflexively headbutt those who attack you in melee.
You have a pair of horns on your head.


Message History

You are near starving!
M4edhros's ghost turns its malevolent gaze towards you.
You hear the hiss of a distant avalanche of sand.
You're too hungry to go berserk.
Eat a chunk of flesh? (ye/n/q/i?) This raw flesh tastes terrible.
You are feeling hungry.
You continue eating.
M4edhros's ghost hits you.
You continue eating.
M4edhros's ghost hits you.
* * * LOW HITPOINT WARNING * * *
Unknown command.
Unknown command.
A red film seems to cover your vision as you go berserk!
You feel yourself moving faster!
You feel mighty!
You feel somewhat more hungry. M4edhros's ghost casts a spell at you.
Pain shoots through your body!
You die...

.>##.## ... .##. #.....
... ... #..... #.#
##.###..#.# #.# #
#.......#.######.##
#.#.#...#.#..........
#.#..............#.##
.####....W......####.#.##
......#.@....#..####.#...
#.$.....#.....##.####
###.........###.##.#
..<.....###.# #.##.# #
####.....# #.###.##.####
..####.....# #.....##.....
....$.....####....###.####
#####.............##.# #
#....####.....##.# #


You could see M4edhros's ghost.

Vanquished Creatures
  3 adders
  An orc (D:3)
  A giant cockroach (D:3)
  A goblin (D:1)
  2 hobgoblins
  4 jackals
  A quokka (D:3)
  2 ball pythons
  A bat (D:1)
  A jackal skeleton (D:4)
  A kobold (D:1)
  3 rats
21 creatures vanquished.

Notes
Turn   | Place    | Note
--------------------------------------------------------------
     0 | D:1      | M4edhros the Minotaur Berserker began the quest for the Orb.
     0 | D:1      | Reached XP level 1. HP: 19/19 MP: 0/0
    37 | D:1      | Reached skill level 4 in Axes
    85 | D:2      | Reached XP level 2. HP: 22/26 MP: 1/1
   143 | D:3      | Reached skill level 5 in Axes
   143 | D:3      | Reached XP level 3. HP: 12/31 MP: 2/2
   204 | D:4      | Noticed M4edhros's ghost (amateur OpNe)
   377 | D:4      | Killed from afar by M4edhros's ghost

Vault maps used:
D:1:      lemuel_arrival_lava_pool
D:2:      minmay_misc_feat_square, hangedman_abyss_or_decor_lesser_grid,
          serial_bayou_ford_a
D:3:      grunt_ministairs_4
D:4:      enter_ossuary_2

Skill      XL: |  1  2 |
---------------+-------+-----
Axes           | 4 5 |  5.5
Fighting       | |  3.6
Armour         | |  2.4
Dodging        | |  2.1

Action                   || total
-------------------------++-------
Melee: Hand axe          ||    43
       Headbutt          ||     4
Invok: Berserk           ||     5
  Eat: Chunk             ||     2
Armor: Animal skin       ||     8
Dodge: Dodged            ||    46
